 Dungeon Crawl Stone Soup version 0.28.0-53-g5a82cb258f (webtiles) character file.

Game seed: 9511663592234431241

271 Stomo the Ducker (level 6, -11/47 HPs)
             Began as a Demonspawn Gladiator on July 4, 2022.
             Mangled by an ogre
             ... wielding a +0 giant club
              (28 damage)
             ... on level 4 of the Dungeon.
             The game lasted 00:04:44 (4124 turns).

Stomo the Ducker (Demonspawn Gladiator)             Turns: 4124, Time: 00:04:45

Health: -11/47     AC:  7    Str: 16    XL:     6   Next: 2%
Magic:  6/6        EV: 13    Int: 10    God:
Gold:   142        SH:  0    Dex: 14    Spells: 5/5 levels left

rFire   . . .      SeeInvis .   a - +0 flail
rCold   . . .      Faith    .   (no shield)
rNeg    . . .      Spirit   .   b - +0 leather armour
rPois   .          Reflect  .   c - +0 helmet
rElec   .          Harm     .   (no cloak)
rCorr   .          Rampage  .   (no gloves)
Will    .....                   (no boots)
Stlth   +.........              (no amulet)
HPRegen 0.15/turn               (no ring)
MPRegen 0.20/turn               (no ring)

@: weak-willed
A: thin metallic scales 2, demonic guardian 1, magic regeneration
a: no special abilities


You were on level 4 of the Dungeon.
You visited 1 branch of the dungeon, and saw 4 of its levels.

You collected 142 gold pieces.

Inventory:

Hand Weapons
 a - a +0 flail (weapon)
Missiles
 d - 3 throwing nets (quivered)
Armour
 b - a +0 leather armour (worn)
 c - a +0 helmet (worn)
 r - a +0 chain mail
Jewellery
 t - a ring of see invisible
Wands
 s - a wand of polymorph (4)
Scrolls
 g - a scroll of identify
 n - a scroll of teleportation
Potions
 e - 3 potions of attraction {unknown}
 f - a potion of might
 i - a potion of degeneration {unknown}
 m - a potion of flight {unknown}
 p - a potion of curing {unknown}
 q - a potion of magic {unknown}


   Skills:
 + Level 3.5 Fighting
 + Level 3.7 Maces & Flails
 - Level 1.7 Throwing
 * Level 2.7 Armour
 + Level 3.7 Dodging


You had 5 spell levels left.
You didn't know any spells.
Your spell library contained the following spells:

 Spells                   Type           Power      Damage    Failure   Level
 Conjure Flame            Conj/Fire      0%         6-21      80%         3
 Ignite Poison            Fire/Tmut/Pois 0%         N/A       80%         3
 Sticky Flame             Conj/Fire      0%         2d3       99%         4
 Freezing Cloud           Conj/Ice/Air   0%         6-21      100%        5
 Simulacrum               Ice/Necr       0%         N/A       100%        6
 Polar Vortex             Ice            0%         N/A       100%        9


Dungeon Overview and Level Annotations

Branches:
Dungeon (4/15)             Temple (0/1) D:4

Altars:

Shops:
D:2 *   D:3 [


Innate Abilities, Weirdness & Mutations

You are mostly covered in thin metallic scales. (AC +3)
A weak demonic guardian rushes to your aid.
You regenerate magic rapidly.


Message History

As you read the scroll labelled GIOPEFA DUXU, it crumbles to dust.
You assume a fearsome visage.
Nothing appears to happen.
It was a scroll of fear.
Unknown command.
Your surroundings suddenly seem different.
You open the door.
There is an open door here.
As you open the door, it creaks loudly!
An ogre comes into view. It is wielding a +0 giant club.
The ogre shouts!
An ogre is nearby!
An ogre is nearby!
An ogre is nearby!
Okay, then.
You barely miss the ogre. The ogre barely misses you.
You barely miss the ogre. The ogre barely misses you.
You sock the ogre!
The ogre is moderately wounded.
The ogre closely misses you.
You hit the ogre.
The ogre is heavily wounded.
The ogre hits you with a +0 giant club.
You sock the ogre!
The ogre is severely wounded.
The ogre misses you.
You barely miss the ogre.
The ogre is severely wounded.
The ogre hits you but does no damage.
You completely miss the ogre.
The ogre is severely wounded.
The ogre hits you with a +0 giant club!
You barely miss the ogre.
The ogre is severely wounded.
The ogre hits you with a +0 giant club!
A demonic guardian appears!
Unknown command.
You hit the ogre but do no damage.
The ogre is severely wounded.
The ogre hits you with a +0 giant club!!
Ouch! That really hurt!
You die...

,,,*#......#.........,,,,,,,,,,,,
,,,#########.........,,,,,,,,,,,,
,,,#.................,,,,,,,,,,,,
,,,'................,,,,,,,,,,,,,
####........########*###,,,,,,,,,
............#.....#,...#,,,,,,,,,
............#.....#....#,,,,,,,,,
............#....5'....#,,,,,,,,,
............#...@O###..#,,,,,,,,,
............#'#######********,,,,
............#........,,,,,,,*,,,,
....####+####........,,,,,,,*,,,,
....#................,,,,,,,*,,,,
....#......##......##******+*,,,,
<...#....<.##......##,,,,,,,*,,,,
....#................,,,,,,,*,,,,
....#................,,,,,,,*,,,,


You could see an ogre (ally target) and a friendly iron imp (summoned).

Vanquished Creatures
  A necrophage (D:3)
  5 adders
  2 worms
  2 dart slugs
  7 orcs
  6 ball pythons
  5 endoplasms
  3 giant cockroaches
  4 goblins
  3 hobgoblins
  2 quokkas (D:1)
  5 bats
  4 frilled lizards
  4 kobolds
  12 rats
65 creatures vanquished.

Vanquished Creatures (collateral kills)
  An iguana (D:2)
  Terence (D:3)
  2 orcs (D:3)
  An endoplasm (D:3)
  A frilled lizard (D:2)
6 creatures vanquished.

Grand Total: 71 creatures vanquished

Notes
Turn   | Place    | Note
-------+----------+-------------------------------------------
     0 | D:1      | Stomo the Demonspawn Gladiator began the quest for the Orb.
     0 | D:1      | Reached XP level 1. HP: 16/16 MP: 1/1
   270 | D:1      | Gained mutation: A weak demonic guardian rushes to your
                  | aid. [demonic ancestry]
   270 | D:1      | Reached XP level 2. HP: 22/22 MP: 2/2
   498 | D:1      | Reached skill level 1 in Armour
   843 | D:2      | Gained mutation: You are partially covered in thin metallic
                  | scales. (AC +2) [demonic ancestry]
   843 | D:2      | Reached XP level 3. HP: 28/28 MP: 3/3
  1190 | D:2      | Found a faded altar of an unknown god.
  1662 | D:2      | Gained mutation: You regenerate magic rapidly. [demonic
                  | ancestry]
  1662 | D:2      | Reached XP level 4. HP: 3/34 MP: 4/4
  2088 | D:2      | Found Fuddeg's General Store.
  2263 | D:3      | Found Zutraved's Armour Shop.
  2522 | D:3      | Noticed Terence
  2534 | D:3      | Killed Terence
  3008 | D:3      | Gained mutation: You are mostly covered in thin metallic
                  | scales. (AC +3) [demonic ancestry]
  3008 | D:3      | Reached XP level 5. HP: 40/41 MP: 5/5
  3906 | D:4      | Noticed a necrophage
  3927 | D:3      | Killed a necrophage
  3928 | D:3      | Reached XP level 6. HP: 39/47 MP: 6/6
  4124 | D:4      | Mangled by an ogre

Illustrated notes

Levels and vault maps discovered:
D:1:      erik_arrival_orb_chamber, layout_basic
D:2:      layout_basic, shapermc_ecumenical_altar_ellora, serial_shops,
          shop_fountains
D:3:      layout_loops_ring, serial_shops, shop, uniq_terence
D:4:      layout_gridville, kennysheep_mini, minmay_temple_entry_glassed_door

Skill      XL: |  1  2  3  4 |
---------------+-------------+-----
Armour         | 1 2 |  2.7
Maces & Flails | 3 |  3.7
Dodging        | 3 |  3.7
Fighting       | 3 |  3.5
Throwing       | |  1.7

Action                   |  1- 3 |  4- 6 || total
-------------------------+-------+-------++-------
Melee: Flail             |   125 |   136 ||   261
       Punch             |       |     1 ||     1
  Use: Scroll            |       |     7 ||     7
 Stab: Sleeping          |     2 |     1 ||     3
Armor: Leather armour    |    47 |    49 ||    96
Dodge: Dodged            |    86 |    94 ||   180
